 Dungeon Crawl Stone Soup version 0.25-a0-603-g0321be95db (webtiles) character file.

Game seed: 4540511365394858279, levelgen mode: deterministic

817417 Bonecrusher the Impregnable (level 27, -17/196 HPs)
             Began as a Gargoyle Fighter on Mar 15, 2020.
             Was the Champion of Okawaru.
             Killed from afar by an orb of fire (35 damage)
             ... with a fireball
             ... on level 5 of the Realm of Zot on Mar 16, 2020.
             The game lasted 04:31:38 (86279 turns).

Bonecrusher the Impregnable (Gargoyle Fighter)     Turns: 86279, Time: 04:31:39

Health: -17/196    AC: 58    Str: 48    XL:     27
Magic:  0/34       EV: 14    Int: 16    God:    Okawaru [******]
Gold:   3388       SH: 43    Dex: 10    Spells: 30/41 levels left

rFire    + . .     SeeInvis +   j - +10 morningstar "Xuolipeeme" {vorpal, +Rage rElec Str+7 Int-4}
rCold    + . .     Gourm    .   S - +8 tower shield
rNeg     + + +     Faith    .   l - +6 plate armour of Entitlement {rN+ Int+4 SInv}
rPois    ∞         Spirit   +   Q - +2 hat of the Bear Spirit {Spirit, +Rage rN+ MR++}
rElec    +         Reflect  +   A - +2 cloak {+Inv}
rCorr    .         Harm     .   n - +0 pair of fencer's gloves {Riposte Dex+3}
MR       +++++     Rnd*Rage +   m - +2 pair of boots {run} Stlth ..........Rnd*Tele +
                                G - amulet of Poedd {Reflect MR+ Int+2 SH+4}
HPRegen  0.00/turn              B - ring of Xom's Wantonness {rC+ Str+8 Int+3}
MPRegen  0.24/turn              a - ring of protection from fire

@: heroism, marked, flying, slowed, very slow
A: big wings, hooves 1, slimy green scales 1, berserk 2, clumsy 1, deformed
body, deterioration 1, negative energy resistance 1, screaming 3, electricity
resistance, inhibited regeneration, strong 1, teleportitis 1, unbreathing,
petrification resistance, no potion heal 1, rot immunity, AC +20
}: 5/15 runes: serpentine, barnacled, slimy, silver, abyssal
a: Stop Flying, Heroism, Finesse, Renounce Religion, Evoke Berserk Rage, Evoke
Invisibility


You were on level 5 of the Realm of Zot.
You worshipped Okawaru.
Okawaru was exalted by your worship.
You were near starving.

You visited 15 branches of the dungeon, and saw 66 of its levels.
You visited the Abyss 2 times.
You also visited: Bailey.

You collected 11409 gold pieces.
You spent 8021 gold pieces at shops.

Inventory:

Hand Weapons
 j - the +10 morningstar "Xuolipeeme" (weapon) {vorpal, +Rage rElec Str+7 Int-4}
   (Okawaru gifted it to you on level 1 of the Depths)

   It inflicts extra damage upon your enemies.
   It affects your strength (+7).
   It affects your intelligence (-4).
   It insulates you from electricity.
   It lets you go berserk.
Missiles
 D - 24 throwing nets (quivered)
Armour
 l - the +6 plate armour of Entitlement (worn) {rN+ Int+4 SInv}
   (You found it on level 2 of the Lair of Beasts)

   It affects your intelligence (+4).
   It protects you from negative energy.
   It lets you see invisible.
 m - a +2 pair of boots of running (worn)
 n - the +0 pair of fencer's gloves (worn) {Riposte Dex+3}
   (You found it on level 3 of the Crypt)

   It affects your dexterity (+3).
 A - a +2 cloak of invisibility (worn)
 Q - the +2 hat of the Bear Spirit (worn) {Spirit, +Rage rN+ MR++}
   (You bought it in a shop on level 4 of the Snake Pit)

   It protects you from negative energy.
   It affects your resistance to hostile enchantments.
   It lets you go berserk.
 S - a +8 tower shield (worn)
Jewellery
 a - a ring of protection from fire (right hand)
 B - the ring of Xom's Wantonness (left hand) {rC+ Str+8 Int+3}
   (You found it on level 3 of the Crypt)

   [ring of intelligence]

   It affects your strength (+8).
   It affects your intelligence (+3).
   It protects you from cold.
 G - the amulet of Poedd (around neck) {Reflect MR+ Int+2 SH+4}
   (You acquired it on level 3 of the Realm of Zot)

   [amulet of reflection]

   It shields you and reflects attacks.
   It affects your intelligence (+2).
   It affects your resistance to hostile enchantments.
   It affects your SH (+4).
 J - an uncursed ring of resist corrosion
Wands
 g - a wand of acid (47)
 p - a wand of scattershot (6)
 v - a wand of polymorph (10)
 I - a wand of digging (21)
 L - a wand of clouds (4)
 V - a wand of paralysis (19)
 X - a wand of iceblast (11)
Scrolls
 d - 9 scrolls of teleportation
 e - 16 scrolls of identify
 o - 2 scrolls of silence
 s - a scroll of enchant weapon
 y - 19 scrolls of remove curse
 C - 6 scrolls of amnesia
 E - a scroll of blinking
 K - 6 scrolls of fog
 M - 7 scrolls of fear
Potions
 b - 10 potions of lignification
 c - 3 potions of resistance
 h - 11 potions of brilliance
 q - 26 potions of curing
 r - 3 potions of berserk rage
 t - 10 potions of might
 w - 9 potions of stabbing
 x - 7 potions of heal wounds
 z - 3 potions of invisibility
 H - 4 potions of ambrosia
 N - 4 potions of magic
 P - 10 potions of haste
 Y - 3 potions of cancellation
Miscellaneous
 i - a phial of floods
 k - the horn of Geryon
 u - a sack of spiders
 W - a box of beasts
 Z - 4 phantom mirrors
Comestibles
 f - 88 rations


   Skills:
 - Level 26.0(27) Fighting
 - Level 26.0(27) Maces & Flails
 + Level 26.6(27) Armour
 - Level 5.0(10.0) Dodging
 - Level 26.0(27) Shields
 - Level 7.5 Spellcasting
 - Level 16.2 Necromancy
 - Level 10.0 Earth Magic
 - Level 15.0 Invocations
 - Level 5.1 Evocations


You had 30 spell levels left.
You knew the following spells:

 Your Spells              Type           Power        Failure   Level  Hunger
a - Borgnjor's Vile Clut  Necr/Erth      #####.....   3%          5    #####..
b - Death Channel         Necr           ######....   4%          6    #######

Your spell library contained the following spells:

 Spells                   Type           Power        Failure   Level  Hunger
 Animate Skeleton         Necr           N/A          1%          1    None
 Pain                     Necr           ####         1%          1    None
 Sandblast                Erth           #####.       1%          1    None
 Vampiric Draining        Necr           ######....   1%          3    ##.....
 Animate Dead             Necr           N/A          1%          4    ####...
 Agony                    Necr           ######..     1%          5    #####..
 Passwall                 Tmut/Erth      ###.....     4%          2    None
 Stone Arrow              Conj/Erth      ###...       9%          3    ##.....
 Lee's Rapid Deconstruct  Erth           #####.....   11%         5    #####..
 Apportation              Tloc           #.....       22%         1    None
 Corona                   Hex            #......      22%         1    None
 Foxfire                  Conj/Fire      #...         22%         1    None
 Infusion                 Chrm           #...         22%         1    None
 Magic Dart               Conj           #...         22%         1    None
 Shock                    Conj/Air       #...         22%         1    None
 Sting                    Tmut/Pois      #...         22%         1    None
 Summon Butterflies       Summ           #.......     22%         1    None
 Summon Small Mammal      Summ           #...         22%         1    None
 Excruciating Wounds      Chrm/Necr      ####......   22%         5    #####..
 Leda's Liquefaction      Hex/Erth       ###.......   28%         4    ####...
 Petrify                  Tmut/Erth      ###.....     28%         4    ####...
 Call Imp                 Summ           #.......     34%         2    None
 Poisonous Vapours        Pois/Air       #.....       34%         2    None
 Shroud of Golubria       Chrm/Tloc      #.....       34%         2    None
 Slow                     Hex            #.......     34%         2    None
 Song of Slaying          Chrm           #.......     34%         2    None
 Swiftness                Chrm/Air       #.......     34%         2    None
 Call Canine Familiar     Summ           #.......     56%         3    ##.....
 Confusing Touch          Hex            #.......     56%         3    ##.....
 Conjure Flame            Conj/Fire      #.......     56%         3    ##.....
 Gell's Gravitas          Tloc           #.........   56%         3    ##.....
 Ignite Poison            Fire/Tmut/Pois #.......     56%         3    ##.....
 Inner Flame              Hex/Fire       #.......     56%         3    ##.....
 Lesser Beckoning         Tloc           #.........   56%         3    ##.....
 Mephitic Cloud           Conj/Pois/Air  #.......     56%         3    ##.....
 Ozocubu's Armour         Chrm/Ice       #.......     56%         3    ##.....
 Recall                   Summ/Tloc      N/A          56%         3    ##.....
 Spectral Weapon          Hex/Chrm       #.......     56%         3    ##.....
 Static Discharge         Conj/Air       #.......     56%         3    ##.....
 Summon Guardian Golem    Hex/Summ       #.......     56%         3    ##.....
 Tukima's Dance           Hex            #.......     56%         3    ##.....
 Simulacrum               Ice/Necr       ####......   77%         6    #######
 Bolt of Magma            Conj/Fire/Erth ###.......   85%         5    #####..
 Borgnjor's Revivificati  Necr           ######....   89%         8    #######
 Infestation              Necr           ######....   89%         8    #######
 Airstrike                Air            #.........   92%         4    ####...
 Cause Fear               Hex            #.........   92%         4    ####...
 Fulminant Prism          Conj/Hex       #.........   92%         4    ####...
 Ice Form                 Ice/Tmut       #.......     92%         4    ####...
 Olgreb's Toxic Radiance  Pois           #.......     92%         4    ####...
 Sticky Flame             Conj/Fire      #.......     92%         4    ####...
 Summon Ice Beast         Ice/Summ       #.......     92%         4    ####...
 Summon Lightning Spire   Summ/Air       #.......     92%         4    ####...
 Alistair's Intoxication  Tmut/Pois      #.......     99%         5    #####..
 Fireball                 Conj/Fire      #.........   99%         5    #####..
 Irradiate                Conj/Tmut      #.........   99%         5    #####..
 Iskenderun's Battlesphe  Conj/Chrm      #.......     99%         5    #####..
 Lightning Bolt           Conj/Air       #.........   99%         5    #####..
 Metabolic Englaciation   Hex/Ice        #.........   99%         5    #####..
 Silence                  Hex/Air        #.........   99%         5    #####..
 Summon Demon             Summ           #.........   99%         5    #####..
 Summon Forest            Summ/Tloc      #.........   99%         5    #####..
 Summon Mana Viper        Hex/Summ       #.......     99%         5    #####..
 Yara's Violent Unravell  Hex/Tmut       #.........   99%         5    #####..
 Iron Shot                Conj/Erth      ###.......   99%         6    #######
 Conjure Ball Lightning   Conj/Air       #.........   100%        6    #######
 Deflect Missiles         Chrm/Air       #.........   100%        6    #######
 Eringya's Noxious Bog    Tmut/Pois      #.........   100%        6    #######
 Freezing Cloud           Conj/Ice/Air   #.........   100%        6    #######
 Invisibility             Hex            #.......     100%        6    #######
 Ozocubu's Refrigeration  Ice            #.........   100%        6    #######
 Shadow Creatures         Summ           N/A          100%        6    #######
 Starburst                Conj/Fire      #.........   100%        6    #######
 Dragon Form              Tmut           #.........   100%        7    #######
 Haunt                    Necr/Summ      ####......   100%        7    #######
 Malign Gateway           Summ/Tloc      #.........   100%        7    #######
 Monstrous Menagerie      Summ           #.........   100%        7    #######
 Ring of Flames           Chrm/Fire      #.........   100%        7    #######
 Spellforged Servitor     Conj/Summ      #.........   100%        7    #######
 Summon Greater Demon     Summ           #.........   100%        7    #######
 Summon Hydra             Summ           #.........   100%        7    #######
 Chain Lightning          Conj/Air       #.........   100%        8    #######
 Death's Door             Chrm/Necr      ####......   100%        8    #######
 Discord                  Hex            #.........   100%        8    #######
 Ignition                 Fire           #.........   100%        8    #######
 Lehudib's Crystal Spear  Conj/Erth      ###.......   100%        8    #######
 Necromutation            Tmut/Necr      ####......   100%        8    #######
 Summon Horrible Things   Summ           #.........   100%        8    #######
 Dragon's Call            Summ           #.........   100%        9    #######
 Fire Storm               Conj/Fire      #.........   100%        9    #######
 Glaciate                 Conj/Ice       #.........   100%        9    #######
 Shatter                  Erth           #####.....   100%        9    #######
 Tornado                  Air            #.........   100%        9    #######
 Sublimation of Blood     Necr           Unusable     N/A         2    N/A
 Statue Form              Tmut/Erth      Unusable     N/A         6    N/A

Dungeon Overview and Level Annotations

Branches:
Dungeon (15/15)            Temple (1/1) D:4            Lair (6/6) D:9
 Shoals (4/4) Lair:3        Snake (4/4) Lair:2        Slime (5/5) Lair:6
    Orc (2/2) D:12            Elf (3/3) Orc:2        Vaults (5/5) D:13
  Crypt (3/3) Vaults:3       Tomb (0/3) Crypt:3      Depths (5/5) D:15
   Hell (visited)             Dis (3/7) Hell            Geh (0/7) Hell
    Coc (0/7) Hell            Tar (4/7) Hell            Zot (5/5) Depths:5
 Bailey (visited)

Altars:
Ashenzari
Cheibriados
Dithmenos
Elyvilon
Fedhas
Gozag
Hepliaklqana
Kikubaaqudgha
Makhleb
Nemelex Xobeh
Okawaru
Qazlal
Ru
Sif Muna
Trog
Uskayaw
Vehumet
Wu Jian
Xom
Yredelemnul
Zin
The Shining One
Beogh
Jiyva

Shops:
D:6 (   D:11 (   Orc:2 [(!(}   Elf:2 %   Elf:3 *   Shoals:1 !*   Snake:4 [%[
Vaults:2 }   Vaults:3 (

Portals:
Hell: Depths:1 Depths:2 Depths:3 Depths:4 Depths:5
Abyss: Depths:1 Depths:2 Depths:4
Pandemonium: Depths:3
Ziggurat: Depths:3

Annotations:
Crypt:1 3 runed translucent doors, exclusion: 3 doors, Yqeuxuamiu's ghost, veteran GrFi
Depths:5 2 transporters, Mudghyfa's ghost, veteran GnWz


Innate Abilities, Weirdness & Mutations

You are resistant to torment.
Your stone body is resilient. (AC +20)
You are immune to poison.
Your large and strong wings let you fly indefinitely.
You resist negative energy. (rN+)
You are resistant to electric shocks. (rElec)
You can survive without breathing.
You are immune to petrification.
You are immune to rotting.
You have large cloven feet.
You are partially covered in slimy green scales. (AC +2)
You often lose your temper in combat.
You are clumsy. (Dex -2)
Armour fits poorly on your strangely shaped body.
Your body sometimes deteriorates upon taking damage.
You frequently scream uncontrollably at your foes.
You do not regenerate when monsters are visible.
Your muscles are strong. (Str +2)
You are occasionally teleported next to monsters.
Potions are less effective at restoring your health.


Message History

The zombie hands lose their grip on something.
You set off the alarm!
The alarm trap emits a blaring wail!
A sentinel's mark forms upon you.
A Killer Klown comes into view. It is wielding a +11 club.
The Killer Klown shouts!
A storm dragon comes into view.
You scream at the storm dragon!
The storm dragon roars deafeningly!
You hear a deafening roar!
You hear a roar!
You hear a shout!
You hear a roar!
You hear an angry hiss.
You hear a deafening roar!
You hear a shout!
You hear a deafening roar! x2
You hear a roar! x2; You hear an angry hiss. x2; You hear a deafening roar!
An orb of fire comes into view.
The orb of fire glows red.
The fireball explodes!
The fireball engulfs you!!! You resist.
* * * LOW HITPOINT WARNING * * *
An orb of fire comes into view.
The orb of fire glows deep purple.
The fireball explodes!
The fireball engulfs you!!! You resist.
You die...

********▓▓▓▓▓▓*
**,,,,,,^......▓▓▓▓
,,,,,,,,,.........▓▓▓
,,,,,,,,,.....(.....▓▓
,,,,,,^,,............▓ *********
,,,,,,^,,............▓**,,,,,,,**
,,,,,,,,,.......@....▓*,,,,,,,,,*
,,,,,,,,,.....*.^....▓,,,,,,,^,,,
,,,,,,,,,.^.............,,,,,,,,,
,,,,,,,,,............▓XD,^,,,,,^,
,,,,,,,,,............▓*.,,,,,,,,*
,,,,,,,,,.......p*...▓**,,,,,,,**
,,,,,,,,,.....p......# *********
,,,,,,,,,...........##
,,,,,,,,,,,,,,,,,,***


You could see 2 orbs of fire, 2 Killer Klowns, a storm dragon and an Orb
Guardian.

Vanquished Creatures
  the Royal Jelly (Slime:5)
  Mara (Vaults:4)
  Mennas (Vaults:3)
  2 ancient liches
  A juggernaut (Depths:5)
  2 greater mummies (Crypt:3)
  Bai Suzhen (Elf:3)
  Vashnia (Snake:4)
  4 caustic shrikes (Depths:5)
  Margery (Depths:1)
  A curse toe (Crypt:3)
  6 golden dragons
  Saint Roka (Orc:2)
  Geryon (Hell)
  Jory (Vaults:3)
  Nikola (Vaults:1)
  9 bone dragons
  3 electric golems (Zot:1)
  27 Tzitzimimeh
  3 Hell Sentinels
  6 doom hounds
  2 hellephants
  4 liches
  11 tentacled monstrosities
  2 deep elf blademasters
  Asterion (Vaults:3)
  5 quicksilver dragons
  An Orb Guardian (Zot:5)
  An Ice Fiend (Dis:2)
  A quicksilver dragon (shapeshifter) (Depths:1)
  2 deep elf master archers (Elf:3)
  2 titans
  26 acid blobs
  An Executioner (Dis:1)
  6 sphinxes
  Polyphemus (Shoals:3)
  A kraken (Shoals:2)
  5 death cobs
  Agnes (Vaults:3)
  5 tentacled starspawn
  Donald (Vaults:1)
  13 ancient champions
  An eldritch tentacle (Tar:2)
  14 storm dragons
  16 shadow dragons
  8 tengu reavers
  Ilsuiw (Shoals:3)
  A fire giant (shapeshifter) (Vaults:5)
  6 fire giants
  5 revenants
  10 nagarajas
  7 deep elf sorcerers
  3 iron dragons
  2 draconian knights
  7 azure jellies
  4 frost giants
  3 draconian scorchers
  6 draconian shifters
  2 orc warlords
  22 vault wardens
  A juggernaut zombie (Depths:2)
  2 curse skulls
  3 ghouls
  2 ghost moths
  Aizul (Snake:2)
  An emperor scorpion (shapeshifter) (Vaults:5)
  A balrug (Hell)
  5 deep elf elementalists
  41 reapers
  19 very ugly things
  A caustic shrike zombie (D:15)
  3 war gargoyles (Vaults:5)
  The ghost of einarkeyser the Warrior, a journeyman MiFi of Hepliaklqana (Lair:6)
  4 draconian annihilators
  A spriggan defender (Depths:5)
  12 ironheart preservers
  2 draconian stormcallers
  4 deep elf demonologists
  30 stone giants
  15 green draconians
  13 vampire knights
  An entropy weaver (Vaults:3)
  6 black draconians
  A caustic shrike skeleton (Crypt:1)
  8 deep elf annihilators
  A lorocyproca (Hell)
  8 white draconians
  The ghost of paps the Cleaver, a journeyman DsFi of Okawaru (Lair:5)
  12 dire elephants
  8 purple draconians
  7 yellow draconians
  8 red draconians
  A minotaur (Lair:5)
  15 ettins
  8 mummy priests (Crypt:3)
  4 spark wasps
  A blizzard demon (Hell)
  8 merfolk javelineers
  7 deep elf death magi
  A quicksilver dragon zombie (Vaults:5)
  2 green deaths (Hell)
  12 jiangshi
  5 merfolk impalers
  4 eidola
  14 death oozes
  17 great orbs of eyes
  6 deep elf high priests
  6 fire dragons
  Josephine (D:13)
  23 yaktaur captains
  4 rakshasas
  8 hydras
  3 quicksilver dragon skeletons
  7 ice dragons
  5 spriggan air magi
  The ghost of Muar the Destroyer, a journeyman DrCj of Vehumet (D:12)
  33 vault guards
  25 anacondas
  19 naga warriors
  6 merfolk avatars
  A hell beast (Dis:2)
  3 ghost crabs
  A catoblepas (Shoals:3)
  17 centaur warriors
  3 alligator snapping turtles
  10 merfolk aquamancers
  3 satyrs
  9 deep troll shamans
  6 death knights
  55 two-headed ogres
  5 deep troll earth magi
  3 tengu warriors
  29 dancing weapons
  17 death yaks
  A satyr (shapeshifter) (Vaults:5)
  17 ogre magi
  20 naga sharpshooters
  An orc high priest (Orc:2)
  9 thrashing horrors
  11 vampire magi
  8 soul eaters
  4 shock serpents
  The ghost of Piu the Spear-Bearer, a novice OpMo (D:10)
  4 hell hogs
  A shock serpent (shapeshifter) (D:13)
  2 titan zombies
  5 spriggan berserkers
  28 hell knights
  8 storm dragon zombies
  22 deep elf knights
  2 iron golems (Dis:2)
  5 shadow wraiths
  6 salamander mystics
  3 wretched stars
  4 titan skeletons
  152 skeletal warriors
  5 sun demons
  A sixfirhy (Abyss:1)
  2 storm dragon skeletons
  A spark wasp zombie (Depths:2)
  A glowing orange brain (shapeshifter) (Vaults:5)
  An iron troll (Depths:4)
  11 flayed ghosts
  A ghost moth zombie (Crypt:1)
  5 anaconda zombies
  3 glowing orange brains
  2 death drakes (Tar:2)
  3 shadow dragon zombies
  10 shadow demons
  4 unseen horrors
  13 sea snakes
  11 ironbrand convokers
  A kraken simulacrum (Hell)
  27 harpies
  24 deep trolls
  A golden dragon zombie (Tar:2)
  2 spatial maelstroms
  19 orc knights
  10 naga ritualists
  16 mana vipers
  A harpy (shapeshifter) (Elf:2)
  4 wolf spider zombies
  4 wizards
  An anaconda skeleton (Crypt:3)
  4 wolf spiders
  13 necromancers
  4 lindwurms (Snake:4)
  12 deep elf archers
  8 shining eyes
  A mana viper (shapeshifter) (Vaults:5)
  49 deep elf magi
  17 phantasmal warriors
  9 orc sorcerers
  45 ugly things
  14 salamanders
  4 iron dragon zombies
  4 frost giant zombies
  4 stone giant zombies
  10 manticores
  2 fire giant zombies
  2 shadow dragon skeletons
  2 iron dragon skeletons
  12 cyclopes
  8 fauns
  23 elephants
  23 moths of wrath
  6 centaur zombies
  A guardian serpent (shapeshifter) (Depths:2)
  2 fire giant skeletons
  A worldbinder (Abyss:4)
  14 water nymphs
  2 frost giant skeletons
  12 merfolk sirens
  14 rust devils
  19 vault sentinels
  A black mamba (shapeshifter) (D:14)
  42 black mambas
  A stone giant skeleton (Tar:3)
  8 guardian serpents
  19 naga magi
  Joseph (D:9)
  A shock serpent zombie (Dis:2)
  A molten gargoyle (Hell)
  5 eyes of devastation
  2 dire elephant zombies
  Psyche (D:11)
  2 gargoyles
  2 orange demons (Hell)
  6 smoke demons
  A torpor snail (shapeshifter) (Depths:2)
  A shock serpent skeleton (Tar:3)
  8 spiny frogs
  A swamp worm zombie (Crypt:3)
  6 komodo dragons
  An efreet (Abyss:1)
  15 tormentors
  A white draconian zombie (Crypt:3)
  9 hellions
  A sea snake zombie (Crypt:2)
  4 dire elephant skeletons
  3 rime drakes
  4 ice devils
  3 kobold demonologists
  15 freezing wraiths
  64 yaktaurs
  4 ancient zymes
  A black draconian skeleton (Crypt:2)
  2 catoblepas skeletons
  13 guardian mummies (Crypt:3)
  7 red devils
  2 yaktaurs (shapeshifter)
  3 anaconda simulacra
  A sea snake skeleton (Crypt:2)
  34 merfolk
  3 tengu conjurers
  A queen bee (shapeshifter) (D:9)
  4 hydra zombies
  A queen bee (Lair:3)
  7 trolls
  A harpy zombie (Tar:2)
  A wind drake (shapeshifter) (Vaults:5)
  4 silent spectres
  2 harpy skeletons (Tar:2)
  2 polar bears
  6 wind drakes
  A meliai (shapeshifter) (D:15)
  6 hornets
  2 hydra skeletons (Tar:1)
  4 bog bodies
  2 dream sheep (shapeshifter)
  A wolf spider simulacrum (Tar:3)
  A sphinx simulacrum (Depths:2)
  115 slime creatures
  A slime creature (shapeshifter) (Depths:4)
  8 blink frogs
  7 hippogriffs
  7 raiju
  7 dream sheep
  3 meliai zombies
  6 snapping turtles
  A deep troll zombie (Depths:1)
  4 ettin zombies
  4 ice dragon zombies
  41 flying skulls
  An air elemental (Elf:1)
  3 fire dragon zombies
  An alligator skeleton (Hell)
  A spriggan simulacrum (Depths:2)
  4 wyverns
  An ice dragon skeleton (Crypt:3)
  28 shadows
  2 black mamba zombies
  2 redbacks (shapeshifter)
  2 spriggans
  3 ushabtiu (Crypt:3)
  A fire dragon skeleton (Tar:2)
  2 ettin skeletons
  A redback (Vaults:3)
  A spriggan (shapeshifter) (D:13)
  A human (shapeshifter) (Vaults:3)
  43 yaks
  A vampire (D:15)
  32 water elementals
  17 wraiths
  A hog (shapeshifter) (Depths:2)
  A tarantella (shapeshifter) (Vaults:2)
  10 fire elementals
  3 fire bats (Abyss:1)
  7 hungry ghosts
  4 ynoxinuls
  A black mamba skeleton (Tar:4)
  4 basilisks
  A steam dragon (Lair:2)
  9 vampire mosquitoes
  A chaos spawn (Abyss:1)
  6 neqoxecs
  3 spatial vortices
  15 wargs
  49 nagas
  A harpy simulacrum (Crypt:1)
  8 large abominations
  An infernal demonspawn zombie (Dis:2)
  A merfolk zombie (Tar:2)
  An acid dragon (D:12)
  Edmund (D:3)
  A soldier ant (D:9)
  15 water moccasins
  A faun zombie (Crypt:3)
  2 floating eyes
  59 hell hounds
  3 ice beasts
  Duvessa (D:4)
  A swamp drake (D:10)
  6 porcupines
  A black bear (Lair:6)
  A merfolk skeleton (Crypt:2)
  21 necrophages
  69 orc warriors
  2 spiny frog skeletons (Hell)
  A swamp dragon zombie (Dis:1)
  A black bear (shapeshifter) (Depths:1)
  4 eyes of draining
  2 manticore zombies
  35 ogres
  2 sky beasts
  3 snapping turtle zombies
  9 starcursed masses (Abyss:1)
  16 phantoms
  An ogre (shapeshifter) (Vaults:2)
  9 wolves
  7 boggarts
  A snapping turtle skeleton (Tar:3)
  18 centaurs
  2 manticore skeletons (Tar:3)
  30 crocodiles
  A rime drake skeleton (Crypt:1)
  A fire crab zombie (Crypt:2)
  13 bullfrogs
  5 big kobolds
  8 gnoll sergeants (Bailey)
  Dowan (D:4)
  An earth elemental (Elf:2)
  A spiny frog simulacrum (Hell)
  A yak zombie (Crypt:1)
  4 scorpions
  A spriggan zombie (Crypt:2)
  A snapping turtle simulacrum (Crypt:3)
  2 troll zombies (D:12)
  A warg zombie (Crypt:3)
  3 tengu zombies
  25 killer bees
  2 human simulacra (Vaults:2)
  54 wights
  3 spriggan skeletons
  7 electric eels
  6 howler monkeys
  8 crimson imps
  A bullfrog zombie (D:7)
  4 quasits
  5 centaur skeletons
  2 human zombies
  A jelly (D:13)
  3 bullfrog skeletons
  8 hounds
  23 orc priests
  25 orc wizards
  2 human skeletons
  15 iron imps
  7 gnoll shamans
  Ijyb (D:4)
  Natasha (thrice) (D:2)
  10 iguanas
  7 hell rats (Hell)
  9 worker ants
  10 small abominations
  4 ogre zombies (D:12)
  2 naga zombies (Dis:2)
  A big kobold skeleton (Crypt:2)
  A felid skeleton (Crypt:2)
  2 hound zombies (D:7)
  6 hound skeletons
  21 mummies
  2 worker ant zombies
  A steam dragon zombie (Crypt:2)
  13 adders
  18 gnolls
  An ogre simulacrum (Hell)
  A steam dragon skeleton (Crypt:3)
  26 shadow imps
  A white imp (Abyss:1)
  3 ufetubi (Abyss:1)
  An adder skeleton (D:4)
  2 adder zombies
  A worm (D:2)
  2 dart slugs
  10 leopard geckos
  108 orcs
  5 giant cockroaches
  12 hobgoblins
  2 jackals (D:1)
  25 kobolds
  5 quokkas
  A ball python (D:4)
  7 bats
  9 frilled lizards
  10 goblins
  A goblin skeleton (D:12)
  3 goblin zombies
  A hobgoblin skeleton (D:12)
  2 hobgoblin zombies
  2 jackal skeletons
  15 orc zombies (D:12)
  9 rats
  8 crawling corpses
  8 plants
  2 starspawn tentacles (Abyss:1)
  A tentacle (Shoals:2)
3542 creatures vanquished.

Vanquished Creatures (collateral kills)
  A purple draconian (Zot:3)
1 creature vanquished.

Vanquished Creatures (others)
  2 eldritch tentacles
  A fire dragon (Depths:3)
  A skeletal warrior (Tar:2)
  A deep elf mage (D:14)
  2 golden eyes (Abyss:2)
  A small abomination (Abyss:2)
  A quasit (D:12)
  A jelly (D:10)
  2 hell rats (Hell)
  An orc (Orc:2)
  A frilled lizard (D:10)
  8 fungi
  3 lurking horrors
  37 plants
  15 starspawn tentacles
  12 tentacles
89 creatures vanquished.

Grand Total: 3632 creatures vanquished

Notes
Turn   | Place    | Note
-------+----------+-------------------------------------------
     0 | D:1      | Bonecrusher the Gargoyle Fighter began the quest for the
                  | Orb.
     0 | D:1      | Reached XP level 1. HP: 14/14 MP: 1/1
    99 | D:1      | Reached XP level 2. HP: 19/19 MP: 2/2
   336 | D:1      | Reached XP level 3. HP: 23/23 MP: 3/3
   778 | D:2      | Reached XP level 4. HP: 26/29 MP: 4/4
   965 | D:2      | Noticed Natasha
   978 | D:2      | Gained mutation: Your large and strong wings let you fly
                  | indefinitely. [potion of mutation]
   978 | D:2      | Gained mutation: You tend to lose your temper in combat.
                  | [potion of mutation]
   978 | D:2      | Gained mutation: You expend magic power (3 MP) to
                  | strengthen your wands. [potion of mutation]
   978 | D:2      | Gained mutation: Your muscles are strong. (Str +2) [potion
                  | of mutation]
   989 | D:2      | Killed Natasha
   989 | D:2      | Reached XP level 5. HP: 33/33 MP: 5/5
   996 | D:2      | Noticed Natasha
  1005 | D:2      | Killed Natasha
  1151 | D:2      | Noticed Natasha
  1166 | D:2      | Killed Natasha
  1173 | D:2      | Lost mutation: You tend to lose your temper in combat.
                  | [potion of mutation]
  1173 | D:2      | Lost mutation: You expend magic power (3 MP) to strengthen
                  | your wands. [potion of mutation]
  1173 | D:2      | Lost mutation: Your muscles are strong. (Str +2) [potion of
                  | mutation]
  1173 | D:2      | Gained mutation: Your magical capacity is low. (-10% MP)
                  | [potion of mutation]
  1173 | D:2      | Gained mutation: You do not regenerate when monsters are
                  | visible. [potion of mutation]
  1173 | D:2      | Gained mutation: You are resistant to hostile enchantments.
                  | (MR+) [potion of mutation]
  1402 | D:3      | Found a shadowy altar of Dithmenos.
  1512 | D:3      | Found a shimmering altar of Xom.
  1662 | D:3      | Found a hide-covered altar of Uskayaw.
  1664 | D:3      | Noticed a +0 dagger
  1664 | D:3      | Noticed a +0 hand axe
  1682 | D:3      | Reached XP level 6. HP: 37/39 MP: 5/5
  1784 | D:3      | Found an ancient bone altar of Kikubaaqudgha.
  1784 | D:3      | Found an ornate altar of the Wu Jian Council.
  1992 | D:4      | Noticed Dowan
  1993 | D:4      | Noticed Duvessa
  1994 | D:4      | Noticed Edmund
  2027 | D:4      | Killed Duvessa
  2053 | D:3      | Killed Edmund
  2053 | D:3      | Reached skill level 5 in Fighting
  2053 | D:3      | Reached skill level 5 in Armour
  2053 | D:3      | Reached skill level 5 in Shields
  2053 | D:3      | Reached XP level 7. HP: 4/44 MP: 6/6
  2345 | D:4      | Killed Dowan
  2496 | D:4      | Found a staircase to the Ecumenical Temple.
  2607 | Temple   | Entered the Ecumenical Temple
  2699 | Temple   | Became a worshipper of Warmaster Okawaru
  2769 | D:4      | Reached skill level 5 in Maces & Flails
  2869 | D:4      | Noticed Ijyb
  2871 | D:4      | Killed Ijyb
  2928 | D:5      | Entered Level 5 of the Dungeon
  2956 | D:5      | Reached skill level 1 in Invocations
  2956 | D:5      | Reached XP level 8. HP: 42/49 MP: 6/8
  3189 | D:4      | Reached * piety under Okawaru
  3610 | D:5      | Found a glowing silver altar of Zin.
  3667 | D:5      | Found a white marble altar of Elyvilon.
  3819 | D:5      | Found a sparkling altar of Nemelex Xobeh.
  4204 | D:6      | Found Arhoxt's Weapon Boutique.
  4393 | D:7      | Noticed a wyvern
  4404 | D:7      | Killed a wyvern
  4523 | D:7      | Found a shimmering blue altar of Sif Muna.
  4585 | D:7      | Reached ** piety under Okawaru
  4585 | D:7      | Reached XP level 9. HP: 49/54 MP: 11/11
  4721 | D:7      | Reached skill level 5 in Invocations
  5135 | D:7      | Found a stormy altar of Qazlal.
  5386 | D:8      | Noticed a two-headed ogre
  5398 | D:8      | Killed a two-headed ogre
  5398 | D:8      | Reached *** piety under Okawaru
  5713 | D:8      | Noticed a two-headed ogre
  5742 | D:8      | Killed a two-headed ogre
  5742 | D:8      | Reached **** piety under Okawaru
  5742 | D:8      | Reached XP level 10. HP: 8/59 MP: 12/13
  7261 | D:9      | Reached skill level 10 in Shields
  7359 | D:9      | Reached ***** piety under Okawaru
  7781 | D:9      | Noticed Joseph
  7793 | D:9      | Killed Joseph
  7806 | D:9      | Noticed a green ugly thing
  7823 | D:9      | Noticed a harpy
  7823 | D:9      | a blink frog changed into a harpy
  7827 | D:9      | a harpy changed into a yaktaur
  7849 | D:9      | Noticed a harpy
  7849 | D:9      | a harpy changed into a polar bear
  7888 | D:9      | Killed a green ugly thing
  7892 | D:9      | Reached XP level 11. HP: 53/63 MP: 13/15
  8204 | D:9      | Found a glowing golden altar of the Shining One.
  8204 | D:9      | Found a hazy altar of Hepliaklqana.
  8205 | D:9      | Found a sacrificial altar of Ru.
  8297 | D:9      | Found a staircase to the Lair.
  8619 | D:10     | Entered Level 10 of the Dungeon
  8631 | D:10     | Reached skill level 10 in Maces & Flails
  8635 | D:10     | Got a translucent falchion
  8636 | D:10     | Identified the cursed +3 falchion of Watchfulness
                  | {antimagic, Int+3 Dex+4} (You found it on level 10 of the
                  | Dungeon)
  8850 | D:10     | Received a gift from Okawaru
  9278 | D:10     | Killed an unseen horror
  9278 | D:10     | Reached skill level 10 in Invocations
  9589 | D:10     | Killed an unseen horror
  9645 | D:10     | Received a gift from Okawaru
  9661 | D:10     | Got a pair of heavily runed boots {god gift}
  9667 | D:10     | Identified the +0 pair of boots of Pateo {+Fly Int-5 Dex+4
                  | Slay+3} (Okawaru gifted it to you on level 10 of the
                  | Dungeon)
 10065 | D:10     | Found a runed translucent door.
 10065 | D:10     | Noticed Piu's ghost (novice OpMo)
 10357 | D:10     | Killed Piu's ghost
 10357 | D:10     | Reached XP level 12. HP: 58/68 MP: 14/17
 10435 | D:11     | Noticed a five-headed hydra
 10445 | D:11     | Killed a five-headed hydra
 10700 | D:11     | Noticed Psyche
 10708 | D:11     | Killed Psyche
 10708 | D:11     | Found Kaggu's Antique Weapon Shoppe.
 10982 | D:11     | Noticed a soul eater
 11048 | D:11     | Noticed a two-headed ogre
 11054 | D:11     | Killed a two-headed ogre
 11449 | D:12     | Noticed a four-headed hydra
 11459 | D:12     | Killed a four-headed hydra
 11477 | D:12     | Found a flagged portal.
 11492 | Bailey   | Entered a bailey
 12157 | Lair:1   | Entered Level 1 of the Lair of Beasts
 12524 | Lair:1   | Got a warped bronze amulet
 12779 | Lair:1   | Noticed a five-headed hydra
 12786 | Lair:1   | Killed a five-headed hydra
 12786 | Lair:1   | Reached XP level 13. HP: 59/72 MP: 18/18
 12933 | Lair:2   | Found a staircase to the Snake Pit.
 12953 | Lair:1   | Received a gift from Okawaru
 13343 | Lair:2   | Got a fine plate armour
 13354 | Lair:2   | Identified the +6 plate armour of Entitlement {rN+ Int+4
                  | SInv} (You found it on level 2 of the Lair of Beasts)
 13355 | Lair:2   | Identified the amulet "Vibryj" {Harm *Drain rC++} (You
                  | found it on level 1 of the Lair of Beasts)
 13935 | Lair:2   | Received a gift from Okawaru
 13938 | Lair:2   | Got a pair of jewelled gloves {god gift}
 13949 | Lair:2   | Identified the +0 pair of gloves of a bazaar {rElec MR++}
                  | (Okawaru gifted it to you on level 2 of the Lair of Beasts)
 14399 | Lair:3   | Found a staircase to the Shoals.
 14618 | Lair:3   | Reached ****** piety under Okawaru
 15113 | Lair:3   | Reached skill level 15 in Shields
 15481 | Lair:4   | Reached skill level 1 in Dodging
 16367 | Lair:5   | Noticed a minotaur
 16368 | Lair:5   | Noticed paps's ghost (journeyman DsFi)
 16376 | Lair:5   | Found a runed translucent gate.
 16376 | Lair:5   | Found a runed translucent gate.
 16376 | Lair:5   | Found a runed translucent gate.
 16418 | Lair:5   | Killed paps's ghost
 16446 | Lair:5   | Killed a minotaur
 17234 | Lair:6   | Entered Level 6 of the Lair of Beasts
 17249 | Lair:5   | Mutation became permanent: Your large and strong wings let
                  | you fly indefinitely. [Gargoyle growth]
 17249 | Lair:5   | Gained mutation: Your large and strong wings let you fly
                  | indefinitely. [Gargoyle growth]
 17249 | Lair:5   | Reached XP level 14. HP: 69/82 MP: 19/19
 17746 | Lair:6   | Noticed a dire elephant
 17746 | Lair:6   | Noticed a dire elephant
 17764 | Lair:6   | Killed a dire elephant
 17779 | Lair:6   | Killed a dire elephant
 17796 | Lair:6   | Noticed a dire elephant
 17810 | Lair:6   | Killed a dire elephant
 17810 | Lair:6   | Received a gift from Okawaru
 17819 | Lair:6   | Noticed a dire elephant
 17835 | Lair:6   | Killed a dire elephant
 18029 | Lair:6   | Noticed a dire elephant
 18050 | Lair:6   | Killed a dire elephant
 18066 | Lair:6   | Received a gift from Okawaru
 18108 | Lair:6   | Reached skill level 5 in Dodging
 18420 | Lair:6   | Received a gift from Okawaru
 18574 | Lair:6   | Reached skill level 10 in Fighting
 18574 | Lair:6   | Reached skill level 10 in Armour
 18872 | Lair:6   | Noticed a dire elephant
 18874 | Lair:6   | Found an ornate altar of the Wu Jian Council.
 18901 | Lair:6   | Killed a dire elephant
 19351 | Lair:6   | Reached XP level 15. HP: 47/92 MP: 20/20
 19774 | Lair:6   | Found a runed translucent door.
 19775 | Lair:6   | Found a viscous altar of Jiyva.
 19776 | Lair:6   | Noticed an acid blob
 19776 | Lair:6   | Noticed an acid blob
 19777 | Lair:6   | Found a staircase to the Slime Pits.
 19777 | Lair:6   | Noticed an acid blob
 19898 | Lair:6   | Found a runed translucent door.
 19899 | Lair:6   | Noticed einarkeyser's ghost (journeyman MiFi)
 19902 | Lair:6   | Identified the cursed +3 spear of Moral Flaws {antimagic,
                  | *Contam +Rage Dex+2}
 19955 | Lair:6   | Killed einarkeyser's ghost
 19955 | Lair:6   | Received a gift from Okawaru
 20007 | Lair:6   | Identified the Disquisition on Warped Combat Magic
 20425 | D:12     | Found a staircase to the Orcish Mines.
 20495 | D:12     | Found a transporter.
 20499 | D:12     | Found a transporter.
 20504 | D:12     | Noticed Muar's ghost (journeyman DrCj)
 20531 | D:12     | Gained mutation: You are weak. (Str -2) [a neqoxec]
 20557 | D:12     | Gained mutation: You are clumsy. (Dex -2) [a neqoxec]
 20574 | D:12     | Killed Muar's ghost
 20578 | D:12     | Lost mutation: You are resistant to hostile enchantments.
                  | (MR+) [potion of mutation]
 20578 | D:12     | Lost mutation: You are weak. (Str -2) [potion of mutation]
 20578 | D:12     | Gained mutation: You have large cloven feet. [potion of
                  | mutation]
 20578 | D:12     | Gained mutation: You are partially covered in thin metallic
                  | scales. (AC +2) [potion of mutation]
 20580 | D:12     | Got the ring "Areadduy" {Int+4}
 21338 | D:13     | Found a gate to the Vaults.
 21463 | D:13     | Noticed Josephine
 21559 | D:13     | Killed Josephine
 21764 | D:13     | Received a gift from Okawaru
 21799 | D:13     | Identified a +1 pair of boots of running (Okawaru gifted it
                  | to you on level 13 of the Dungeon)
 23223 | D:15     | Entered Level 15 of the Dungeon
 23741 | D:14     | Reached XP level 16. HP: 93/101 MP: 22/22
 24043 | D:15     | Received a gift from Okawaru
 24208 | D:15     | Found a staircase to the Depths.
 24774 | Orc:1    | Entered Level 1 of the Orcish Mines
 25078 | D:11     | Bought the +10 morningstar "Eos" {elec, Halo rElec} for
                  | 1924 gold pieces
 25078 | D:11     | Found the +10 morningstar "Eos" {elec, Halo rElec}
 25294 | Orc:2    | Entered Level 2 of the Orcish Mines
 25294 | Orc:2    | Found Loisun's Gadget Shoppe.
 25546 | Orc:2    | Noticed Saint Roka
 25557 | Orc:2    | Found a staircase to the Elven Halls.
 25829 | Orc:2    | Found a roughly hewn altar of Beogh.
 25830 | Orc:2    | Found Ytreride's Weapon Emporium.
 26009 | Orc:2    | Found a roughly hewn altar of Beogh.
 26036 | Orc:2    | Found Idiuwn's Distillery.
 26116 | Orc:2    | Found a roughly hewn altar of Beogh.
 26598 | Orc:2    | Killed Saint Roka
 26598 | Orc:2    | Received a gift from Okawaru
 26604 | Orc:2    | Got an iridescent mace {god gift}
 26605 | Orc:2    | Identified the +9 mace of Dafa {holy, rPois Int+4} (Okawaru
                  | gifted it to you on level 2 of the Orcish Mines)
 26667 | Orc:2    | Found Yhosmyfy's Antique Weapon Boutique.
 26674 | Orc:2    | Found a roughly hewn altar of Beogh.
 26680 | Orc:2    | Found Usufoi's Antique Armour Shop.
 26717 | Orc:2    | Found a roughly hewn altar of Beogh.
 27220 | Orc:2    | Found a roughly hewn altar of Beogh.
 27741 | Snake:1  | Entered Level 1 of the Snake Pit
 27757 | Snake:1  | Identified a scroll of acquirement
 27988 | Orc:2    | Bought a potion of curing for 54 gold pieces
 27988 | Orc:2    | Bought a potion of heal wounds for 90 gold pieces
 27988 | Orc:2    | Bought a potion of ambrosia for 144 gold pieces
 27988 | Orc:2    | Bought a potion of haste for 180 gold pieces
 27988 | Orc:2    | Bought a potion of cancellation for 144 gold pieces
 28016 | Orc:2    | Bought a phantom mirror for 480 gold pieces
 28016 | Orc:2    | Bought a wand of acid (3) for 224 gold pieces
 28016 | Orc:2    | Bought a box of beasts for 320 gold pieces
 28016 | Orc:2    | Bought a box of beasts for 320 gold pieces
 28016 | Orc:2    | Bought a lamp of fire for 640 gold pieces
 28016 | Orc:2    | Bought a lamp of fire for 640 gold pieces
 28334 | Snake:1  | Received a gift from Okawaru
 28480 | Snake:1  | Reached skill level 15 in Armour
 28758 | Snake:1  | Reached XP level 17. HP: 94/109 MP: 24/24
 28796 | Snake:1  | Received a gift from Okawaru
 29326 | Snake:2  | Noticed Aizul
 29345 | Snake:2  | Killed Aizul
 29595 | Snake:2  | Received a gift from Okawaru
 29605 | Snake:2  | Got a slimy ring mail {god gift}
 29616 | Snake:2  | Identified the +6 ring mail of the Skies Above {Slay+6}
                  | (Okawaru gifted it to you on level 2 of the Snake Pit)
 30267 | Snake:3  | Reached skill level 15 in Maces & Flails
 30781 | Snake:4  | Entered Level 4 of the Snake Pit
 30781 | Snake:4  | Noticed Vashnia
 31077 | Snake:4  | Killed Vashnia
 31077 | Snake:4  | Received a gift from Okawaru
 31163 | Snake:4  | Reached XP level 18. HP: 106/117 MP: 26/26
 31218 | Snake:4  | Found Taawnaod's Antique Armour Shoppe.
 31218 | Snake:4  | Found Fezacet's Food Emporium.
 31221 | Snake:4  | Found Luddodea's Antique Armour Shoppe.
 31234 | Snake:4  | Bought the +2 hat of the Bear Spirit {Spirit, +Rage rN+
                  | MR++} for 1212 gold pieces
 31234 | Snake:4  | Found the +2 hat of the Bear Spirit {Spirit, +Rage rN+
                  | MR++}
 31373 | Snake:4  | Bought a fine buckler for 323 gold pieces
 31383 | Snake:4  | Identified the +2 buckler of the Eagle {rElec SInv} (You
                  | bought it in a shop on level 4 of the Snake Pit)
 31471 | Snake:4  | Reached skill level 1 in Evocations
 31531 | Snake:4  | Reached skill level 15 in Invocations
 31545 | Snake:4  | Received a gift from Okawaru
 31552 | Snake:4  | Reached skill level 15 in Fighting
 32231 | Snake:4  | Received a gift from Okawaru
 32371 | Snake:4  | Reached skill level 5 in Evocations
 32811 | Snake:4  | Got a serpentine rune of Zot
 33060 | Shoals:1 | Entered Level 1 of the Shoals
 33070 | Shoals:1 | Found Luwasch's Luxury Loot.
 33164 | Shoals:1 | Found Wuvab's Distillery.
 33177 | Shoals:1 | Bought a potion of resistance for 160 gold pieces
 33177 | Shoals:1 | Bought a potion of ambrosia for 128 gold pieces
 33177 | Shoals:1 | Bought a potion of heal wounds for 80 gold pieces
 33177 | Shoals:1 | Bought a potion of curing for 48 gold pieces
 33177 | Shoals:1 | Bought a potion of mutation for 128 gold pieces
 33191 | Shoals:1 | Reached XP level 19. HP: 124/124 MP: 27/27
 33396 | Shoals:1 | Received a gift from Okawaru
 34943 | Shoals:3 | Noticed Polyphemus
 34967 | Shoals:3 | Killed Polyphemus
 35070 | Shoals:3 | Noticed Ilsuiw
 35125 | Shoals:3 | Killed Ilsuiw
 35294 | Shoals:3 | Received a gift from Okawaru
 35298 | Shoals:3 | Got an ichor-stained mace {god gift}
 35299 | Shoals:3 | Identified the +5 mace "Agosukh" {vorpal, +Fly rPois rN+}
                  | (Okawaru gifted it to you on level 3 of the Shoals)
 35793 | Shoals:4 | Entered Level 4 of the Shoals
 36296 | Shoals:4 | Received a gift from Okawaru
 36693 | Shoals:4 | Identified the +4 chain mail of Kleptomania {Dex+3}
 36790 | Shoals:4 | Reached XP level 20. HP: 129/129 MP: 28/28
 37146 | Shoals:4 | Got a barnacled rune of Zot
 37727 | Elf:1    | Entered Level 1 of the Elven Halls
 37850 | Vaults:1 | Entered Level 1 of the Vaults
 37978 | Vaults:1 | Noticed Nikola
 37994 | Vaults:1 | Killed Nikola
 38351 | Vaults:1 | Received a gift from Okawaru
 38726 | Vaults:1 | Noticed Donald
 38739 | Vaults:1 | Killed Donald
 39333 | Vaults:2 | Reached XP level 21. HP: 130/134 MP: 29/29
 39687 | Vaults:2 | Found Wezi's Gadget Shoppe.
 39695 | Vaults:2 | Bought a phantom mirror for 390 gold pieces
 40050 | Vaults:2 | Received a gift from Okawaru
 40148 | Vaults:2 | Received a gift from Okawaru
 40656 | Vaults:2 | Received a gift from Okawaru
 41006 | Vaults:3 | Noticed Mennas
 41059 | Vaults:3 | Killed Mennas
 41404 | Vaults:3 | You are sucked into a shaft and drop 1 floor!
 41662 | Vaults:3 | Reached XP level 22. HP: 140/140 MP: 29/29
 41777 | Vaults:3 | Noticed Asterion
 41778 | Vaults:3 | Noticed Agnes
 41794 | Vaults:3 | Killed Agnes
 41803 | Vaults:3 | Noticed Jory
 42246 | Vaults:3 | Found a staircase to the Crypt.
 42246 | Vaults:3 | Found a basalt altar of Yredelemnul.
 42247 | Vaults:3 | Found an ancient bone altar of Kikubaaqudgha.
 42278 | Vaults:3 | Received a gift from Okawaru
 42522 | Vaults:3 | Killed Asterion
 42995 | Vaults:3 | Found Bits's Weapon Emporium.
 43288 | Vaults:3 | Killed Jory
 43328 | Crypt:1  | Entered Level 1 of the Crypt
 43762 | Crypt:1  | Found a runed translucent gate.
 43762 | Crypt:1  | Found a runed translucent gate.
 43762 | Crypt:1  | Found a runed translucent gate.
 43766 | Crypt:1  | Noticed an ancient lich
 43766 | Crypt:1  | Noticed Yqeuxuamiu's ghost (veteran GrFi)
 43791 | Crypt:1  | Identified the ring of Attitude {+Fly rN+ Stlth+}
 44241 | Crypt:2  | Received a gift from Okawaru
 45214 | Vaults:4 | Received a gift from Okawaru
 45215 | Vaults:4 | Got a bone fustibalus {god gift}
 45271 | Vaults:4 | Noticed Mara
 45288 | Vaults:4 | Killed Mara
 45344 | Vaults:4 | Reached XP level 23. HP: 129/144 MP: 30/30
 46226 | Vaults:4 | Received a gift from Okawaru
 46573 | Crypt:3  | Entered Level 3 of the Crypt
 47030 | Depths:1 | Entered Level 1 of the Depths
 48285 | Elf:2    | Gained mutation: You are dopey. (Int -2) [a neqoxec]
 48304 | Elf:2    | Got a crude flail
 48305 | Elf:2    | Identified the +6 flail "Hucoad" {drain, rPois rF- MR++
                  | Int+4} (You found it on level 2 of the Elven Halls)
 48319 | Elf:2    | Found a runed translucent gate.
 48344 | Elf:2    | Found a runed translucent gate.
 48344 | Elf:2    | Found a runed translucent gate.
 48407 | Elf:2    | Found Esal's Food Shop.
 48470 | Elf:2    | Found a shimmering blue altar of Sif Muna.
 49598 | Elf:3    | Entered Level 3 of the Elven Halls
 49613 | Elf:3    | Noticed Bai Suzhen
 49632 | Elf:3    | Killed Bai Suzhen
 49678 | Elf:3    | Received a gift from Okawaru
 49679 | Elf:3    | Got a faintly glowing flail {god gift}
 49680 | Elf:3    | Identified the +1 flail "Menluh" {speed, rC- Int+4 Dex+7
                  | SInv Stlth+} (Okawaru gifted it to you on level 3 of the
                  | Elven Halls)
 49717 | Elf:3    | Found Lumiv's Assorted Antiques.
 49885 | Elf:3    | Bought a scroll of enchant armour for 210 gold pieces
 49885 | Elf:3    | Bought a scroll of fear for 98 gold pieces
 49885 | Elf:3    | Bought a potion of curing for 84 gold pieces
 49978 | Elf:3    | Reached XP level 24. HP: 150/150 MP: 30/30
 50964 | Elf:3    | Received a gift from Okawaru
 51212 | Elf:3    | Got a scorched brass ring
 51214 | Elf:3    | Identified the ring of the Endless Expanse {Wiz rF+ rN+
                  | Str-2 SInv} (You found it on level 3 of the Elven Halls)
 51222 | Elf:3    | Identified the Papyrus of Entrancing Summoning
 51760 | D:15     | Received a gift from Okawaru
 51881 | Depths:1 | Noticed Margery
 51943 | Depths:1 | Killed Margery
 52058 | Depths:1 | Found a gateway to Hell.
 52091 | Hell     | Entered the Vestibule of Hell
 52091 | Hell     | Noticed Geryon
 52430 | Hell     | Killed Geryon
 52694 | Hell     | Found a gateway to the Iron City of Dis.
 53046 | Hell     | Found a gateway to the ashen valley of Gehenna.
 53079 | Hell     | Reached XP level 25. HP: 152/155 MP: 30/30
 53156 | Hell     | Found a gateway to the decaying netherworld of Tartarus.
 53301 | Hell     | Found a gateway to the freezing wastes of Cocytus.
 53341 | Hell     | Received a gift from Okawaru
 53590 | Depths:1 | Noticed an ancient lich
 53607 | Depths:1 | Killed an ancient lich
 53639 | Depths:1 | Received a gift from Okawaru
 53714 | Depths:1 | Got a dazzling morningstar {god gift}
 53715 | Depths:1 | Identified the +10 morningstar "Xuolipeeme" {vorpal, +Rage
                  | rElec Str+7 Int-4} (Okawaru gifted it to you on level 1 of
                  | the Depths)
 53815 | Depths:1 | Identified the Papyrus of Evil Rituals
 54163 | Depths:1 | Identified the +0 kite shield "Luklekku" {rElec MR++ Str+2}
                  | (You acquired it on level 1 of the Depths)
 54336 | Depths:1 | Found a one-way gate to the infinite horrors of the Abyss.
 54353 | Depths:1 | Voluntarily entered the Abyss.
 54353 | Abyss:1  | Found a corrupted altar of Lugonu.
 54679 | Abyss:1  | Gained mutation: Scrolls take you a little longer to read.
                  | [a neqoxec]
 56208 | Abyss:3  | Found a corrupted altar of Lugonu.
 56395 | Abyss:4  | Received a gift from Okawaru
 56413 | Abyss:4  | Found a corrupted altar of Lugonu.
 56428 | Abyss:4  | Got an abyssal rune of Zot
 56447 | Abyss:5  | Entered Level 5 of the Abyss
 56457 | Abyss:5  | Found a corrupted altar of Lugonu.
 56664 | Depths:1 | Escaped the Abyss
 56913 | Depths:1 | Lost mutation: You are clumsy. (Dex -2) [potion of
                  | mutation]
 56913 | Depths:1 | Lost mutation: Your magical capacity is low. (-10% MP)
                  | [potion of mutation]
 56913 | Depths:1 | Gained mutation: You occasionally shout uncontrollably at
                  | your foes. [potion of mutation]
 56913 | Depths:1 | Lost mutation: Scrolls take you a little longer to read.
                  | [potion of mutation]
 56913 | Depths:1 | Lost mutation: You are dopey. (Int -2) [potion of mutation]
 56913 | Depths:1 | Gained mutation: You can translocate small distances at
                  | will. [potion of mutation]
 57383 | Tar:1    | Entered Level 1 of Tartarus
 57383 | Tar:1    | Found a gateway to Hell.
 57507 | Tar:1    | Reached XP level 26. HP: 157/168 MP: 34/34
 58481 | Tar:2    | Found a gateway to Hell.
 58554 | Tar:2    | Found a gateway to Hell.
 58654 | Tar:2    | Received a gift from Okawaru
 59125 | Tar:2    | Found a gateway to Hell.
 60013 | Tar:2    | Received a gift from Okawaru
 60994 | Crypt:3  | Reached XP level 27. HP: 166/179 MP: 34/34
 61293 | Crypt:3  | Found a staircase to the Tomb.
 61298 | Crypt:3  | Received a gift from Okawaru
 61778 | Crypt:3  | Found a basalt altar of Yredelemnul.
 61780 | Crypt:3  | Found an ancient bone altar of Kikubaaqudgha.
 61893 | Crypt:3  | Found the +7 Spriggan's Knife {stab, EV+4 Stlth+}
 61909 | Crypt:3  | Learned a level 5 spell: Borgnjor's Vile Clutch
 61911 | Crypt:3  | Got a wavering wooden ring
 61912 | Crypt:3  | Identified the ring of Xom's Wantonness {rC+ Str+8 Int+3}
                  | (You found it on level 3 of the Crypt)
 62062 | Crypt:3  | Found the +12 glaive of Prune {vorpal}
 62070 | Crypt:3  | Reached skill level 1 in Earth Magic
 62109 | Crypt:3  | Noticed a greater mummy
 62311 | Crypt:3  | Killed a greater mummy
 62311 | Crypt:3  | Reached skill level 1 in Necromancy
 62541 | Crypt:3  | Identified the +11 hand axe "Jaunnacea" {vamp, Int+2
                  | Stlth+}
 62541 | Crypt:3  | Noticed a greater mummy
 62542 | Crypt:3  | Found the +0 pair of fencer's gloves {Riposte Dex+3}
 62542 | Crypt:3  | Identified the +4 morningstar "Ympos" {freeze, *Noise
                  | Dex+4}
 62709 | Crypt:3  | Killed a greater mummy
 63211 | Crypt:3  | Got an encrusted helmet
 63212 | Crypt:3  | Identified the +1 helmet "Mofuasm" {rC+ Int+4} (You found
                  | it on level 3 of the Crypt)
 64436 | Depths:3 | Paralysed by a floating eye for 4 turns
 64445 | Depths:3 | Received a gift from Okawaru
 64462 | Depths:3 | Reached skill level 5 in Earth Magic
 64873 | Depths:3 | Found a one-way gate leading to the halls of Pandemonium.
 65042 | Depths:3 | Found a shattered altar of Ashenzari.
 65247 | Depths:3 | Found a gateway to a ziggurat.
 65729 | Depths:4 | Reached skill level 5 in Necromancy
 66142 | Depths:4 | Received a gift from Okawaru
 67117 | Vaults:5 | Entered Level 5 of the Vaults
 67215 | Vaults:5 | Received a gift from Okawaru
 67341 | Vaults:5 | Identified Moloypn's Grimoire of Summoning and the Birds
 67352 | Vaults:5 | Got a warped granite ring
 67353 | Vaults:5 | Identified the ring "Xishuule" {+Blink rElec rF- Int+5
                  | Dex+5} (You found it on level 5 of the Vaults)
 67566 | Vaults:5 | Reached skill level 10 in Earth Magic
 67646 | Vaults:5 | Identified the Almanac of Creation
 67671 | Vaults:5 | Got a silver rune of Zot
 67789 | Vaults:5 | Identified the amulet "Guawuworgh" {Gourm MR++ SInv}
 67989 | Vaults:5 | Received a gift from Okawaru
 68088 | Vaults:5 | Identified the +3 ring mail of Cocytus {Str+4}
 68097 | Vaults:5 | Identified the cursed +0 great mace of the Lamprey {pain,
                  | Int-5 Dex+5}
 68220 | Vaults:5 | Identified the +8 scale mail of Greed {rN+ rCorr Slay+5}
 68299 | Vaults:5 | Received a gift from Okawaru
 68323 | Vaults:5 | Found the +0 mask of the Dragon {MR+ Slay+3 SInv}
 68374 | Vaults:5 | Identified the Tome of the Six Gods
 68461 | Vaults:5 | Identified Gaowniuv's Collected Works on Warped Fascination
 69295 | Tar:3    | Lost mutation: You occasionally shout uncontrollably at
                  | your foes. [potion of mutation]
 69295 | Tar:3    | Gained mutation: You are clumsy. (Dex -2) [potion of
                  | mutation]
 69295 | Tar:3    | Gained mutation: You tend to lose your temper in combat.
                  | [potion of mutation]
 69295 | Tar:3    | Lost mutation: You are clumsy. (Dex -2) [potion of
                  | mutation]
 69296 | Tar:3    | Lost mutation: You are partially covered in thin metallic
                  | scales. (AC +2) [potion of mutation]
 69296 | Tar:3    | Lost mutation: You have large cloven feet. [potion of
                  | mutation]
 69296 | Tar:3    | Lost mutation: You can translocate small distances at will.
                  | [potion of mutation]
 69296 | Tar:3    | Lost mutation: You tend to lose your temper in combat.
                  | [potion of mutation]
 69296 | Tar:3    | Gained mutation: Your muscles are strong. (Str +2) [potion
                  | of mutation]
 69296 | Tar:3    | Gained mutation: You are partially covered in slimy green
                  | scales. (AC +2) [potion of mutation]
 69296 | Tar:3    | Gained mutation: Your mind is acute. (Int +2) [potion of
                  | mutation]
 69296 | Tar:3    | Gained mutation: You have large cloven feet. [potion of
                  | mutation]
 69857 | Tar:3    | Received a gift from Okawaru
 70107 | Tar:3    | Reached skill level 10 in Necromancy
 70578 | Tar:3    | Gained mutation: Armour fits poorly on your strangely
                  | shaped body. [mutagenic glow]
 70632 | Tar:3    | Gained mutation: You occasionally shout uncontrollably at
                  | your foes. [mutagenic glow]
 71259 | Dis:1    | Entered Level 1 of the Iron City of Dis
 71641 | Dis:1    | You are sucked into a shaft and drop 1 floor!
 71990 | Dis:1    | Upgraded the game from 0.25-a0-597-gb30770a0c0 to
                  | 0.25-a0-603-g0321be95db
 72098 | Dis:1    | Received a gift from Okawaru
 72635 | Dis:2    | Found a huge runed gate.
 72635 | Dis:2    | Found a huge runed gate.
 72635 | Dis:2    | Found a huge runed gate.
 72635 | Dis:2    | Found a huge runed gate.
 72635 | Dis:2    | Found a huge runed gate.
 72636 | Dis:2    | Found a huge runed gate.
 72644 | Dis:2    | Found a huge runed gate.
 72647 | Dis:2    | Found a huge runed gate.
 72648 | Dis:2    | Found a huge runed gate.
 72650 | Dis:2    | Found a huge runed gate.
 72651 | Dis:2    | Found a huge runed gate.
 73405 | Slime:1  | Entered Level 1 of the Pits of Slime
 73765 | Slime:2  | Gained mutation: You sometimes yell uncontrollably at your
                  | foes. [a shining eye]
 73802 | Slime:3  | Paralysed by a floating eye for 3 turns
 73875 | Slime:3  | Paralysed by a floating eye for 2 turns
 74316 | Slime:4  | Found the +18 shield of the Gong {rElec rN+ MR+ EV-5}
 74621 | Slime:5  | Entered Level 5 of the Pits of Slime
 74820 | Slime:5  | Noticed the Royal Jelly
 74921 | Slime:5  | Received a gift from Okawaru
 75135 | Slime:5  | Gained mutation: You are occasionally teleported next to
                  | monsters. [a shining eye]
 75227 | Slime:5  | Gained mutation: Potions are less effective at restoring
                  | your health. [a shining eye]
 75230 | Slime:4  | Gained mutation: You tend to lose your temper in combat. [a
                  | shining eye]
 75703 | Depths:1 | Voluntarily entered the Abyss.
 75703 | Abyss:1  | Found a corrupted altar of Lugonu.
 75728 | Abyss:1  | Gained mutation: You are clumsy. (Dex -2) [a shining eye]
 75731 | Abyss:1  | Paralysed by accursed screaming for 1 turns
 75738 | Abyss:1  | Paralysed by accursed screaming for 1 turns
 75740 | Abyss:1  | Gained mutation: Your body sometimes deteriorates upon
                  | taking damage. [a shining eye]
 75911 | Depths:1 | Escaped the Abyss
 76602 | Slime:5  | Found a viscous altar of Jiyva.
 76826 | Slime:5  | Gained mutation: You frequently scream uncontrollably at
                  | your foes. [a shining eye]
 76828 | Slime:5  | Lost mutation: Your mind is acute. (Int +2) [a shining eye]
 76831 | Slime:5  | Gained mutation: You often lose your temper in combat. [a
                  | shining eye]
 77072 | Slime:5  | Killed the Royal Jelly
 77072 | Slime:5  | Received a gift from Okawaru
 77298 | Slime:5  | Got a transparent brass ring
 77301 | Slime:5  | Identified the ring "Ylikhay" {AC+3 Dex+2} (You found it on
                  | level 5 of the Pits of Slime)
 77308 | Slime:5  | Got a slimy rune of Zot
 77875 | Depths:5 | Entered Level 5 of the Depths
 78075 | Depths:5 | Noticed an ancient lich
 78087 | Depths:5 | Found a transporter.
 78087 | Depths:5 | Noticed Mudghyfa's ghost (veteran GnWz)
 78195 | Depths:4 | Noticed a juggernaut
 78382 | Depths:5 | Killed a juggernaut
 78382 | Depths:5 | Received a gift from Okawaru
 78383 | Depths:5 | Got a pair of blackened gloves {god gift}
 78394 | Depths:5 | Identified the +0 pair of gloves "Gubran" {rC+} (Okawaru
                  | gifted it to you on level 5 of the Depths)
 78706 | Depths:5 | Found a gate to the Realm of Zot.
 79016 | Depths:5 | Found a transporter.
 79108 | Depths:5 | Reached skill level 1 in Spellcasting
 80449 | Tar:4    | Received a gift from Okawaru
 82164 | Zot:1    | Entered Level 1 of the Realm of Zot
 82234 | Zot:1    | Learned a level 6 spell: Death Channel
 82274 | Zot:1    | Reached skill level 5 in Spellcasting
 82306 | Zot:1    | Reached skill level 15 in Necromancy
 82534 | Zot:1    | Received a gift from Okawaru
 82535 | Zot:1    | Got faintly glowing swamp dragon scales {god gift}
 82669 | Zot:1    | Identified the +2 swamp dragon scales of Benevolence {*Slow
                  | rPois rF- Dex+10 Stlth+} (Okawaru gifted it to you on level
                  | 1 of the Realm of Zot)
 83862 | Zot:2    | You are sucked into a shaft and drop 2 floors!
 84211 | Zot:3    | Identified the amulet of Poedd {Reflect MR+ Int+2 SH+4}
                  | (You acquired it on level 3 of the Realm of Zot)
 84211 | Zot:3    | Identified the +4 crystal plate armour of Dogma {Str+2}
                  | (You acquired it on level 3 of the Realm of Zot)
 84420 | Zot:2    | You are sucked into a shaft and drop 2 floors!
 84439 | Zot:5    | Entered Level 5 of the Realm of Zot
 85835 | Zot:2    | Received a gift from Okawaru
 85846 | Zot:2    | Got a warped tower shield {god gift}
 85857 | Zot:2    | Identified the +4 tower shield "Qurex" {rElec Stlth+}
                  | (Okawaru gifted it to you on level 2 of the Realm of Zot)
 86238 | Zot:5    | Noticed an ancient lich
 86253 | Zot:5    | Killed an ancient lich
 86255 | Zot:5    | Noticed an ancient lich
 86263 | Zot:5    | Noticed an ancient lich
 86279 | Zot:5    | Killed from afar by an orb of fire

Levels and vault maps discovered:
D:1:      onia_arrival_larder, layout_rooms, minmay_close_crescents
D:2:      layout_rooms, first_ration, uniq_natasha
D:3:      layout_loops_ring, xom_teletrap_fun, dancing_weapons_uskayaw,
          gammafunk_temple_overflow_wave, nicolae_dithmenos_shadow_blocks
D:4:      layout_basic, minmay_temple_entry_proselytizer, uniq_edmund,
          uniq_ijyb, uniq_duvessa
D:5:      layout_rooms, zin_statuary, marbit_many_paths,
          minmay_misc_feat_diagonals, elyvilon_altar_5
D:6:      layout_basic, serial_shops, shop
D:7:      layout_basic, overflow_temple_1_default, lemuel_coloured_pillars_altar
D:8:      layout_basic
D:9:      layout_irregular_city, grunt_temple_overflow_open,
          grunt_lair_entry_orc_guard_hut, hangedman_pestilent_swarm,
          minmay_mirror_moons_of_madness, uniq_joseph
D:10:     lemuel_reptile_caves, layout_stronghold,
          ebering_ghost_reflecting_pool, serial_column_ruins,
          column_ruins_hut_ruined, column_ruins_hut, column_ruins_grid_4,
          column_ruins_grid_1, column_ruins_corridor_dead_end,
          column_ruins_grid_3, column_ruins_open_tiny,
          eino_small_chamber_without_monster, minivault_5, lemuel_flame_loot_1
D:11:     layout_loops_ring, serial_shops,
          nicolae_shop_competitors_out_of_business, uniq_psyche
D:12:     layout_long_grid, zombieorc1_lemuel, enter_bailey_3,
          gammafunk_ghost_stat_death
D:13:     layout_loops_ring, skrybe_vaults_entry_preservation,
          kennysheep_pointless_box, uniq_josephine
D:14:     layout_roguey, chequers_big_river
D:15:     gammafunk_depths_entry_grave, layout_cave_pools,
          serial_co_window_serial, co_window_paths_a,
          co_window_of_opportunity_a, co_window_paths_a,
          co_window_of_opportunity_a, co_window_paths_a, co_window_corner_b,
          co_window_broadway_c, co_window_2corner, co_window_corner_b,
          co_window_unsneaky_path_c, co_window_broadway_a, glass_columns_b,
          minmay_crystal_room
Temple:   zaba_magenta_temple
Lair:1:   layout_loops_ring
Lair:2:   layout_cave_shapes, minmay_snake_entry_guardpost_small,
          chequers_serial_rivers_large_b, grunt_megastairs_4
Lair:3:   layout_roguey [special_room_bee], shoals_dummy_entry,
          serial_bayou_shore_a
Lair:4:   layout_regular_city, grunt_megastairs_1, lemuel_fruit_tree,
          serial_bayou_shore_b
Lair:5:   layout_hall_layers, maelrawn_ghost_gauntlet_escape
Lair:6:   due_jungle_book, layout_big_grid, slime_altar_2, basic_altar,
          ebering_ghost_funeral_grove, small_statue_intersection
Shoals:1: layout_shoals, serial_shops, shop_fountains, nicolae_alphabet_shops
Shoals:2: layout_shoals, nicolae_shoals_flooded_hall
Shoals:3: layout_shoals, yaktaur_hedge, uniq_polyphemus, uniq_ilsuiw
Shoals:4: shoals_end_hangedman, layout_shoals, shoals_ilsuiw_ice
Snake:1:  layout_layer_cave, grunt_megastairs_3
Snake:2:  layout_grid_maze, uniq_aizul
Snake:3:  layout_onion
Snake:4:  snake_pit_salamanders_mu, layout_misc_corridors, drop_trap,
          minmay_shop_star, serial_bayou_shore_b, uniq_vashnia
Slime:1:  layout_caves
Slime:2:  layout_caves
Slime:3:  layout_caves, cheibrodos_slime_lost_civilization_4
Slime:4:  layout_caves
Slime:5
Orc:1:    layout_diamond_mine
Orc:2:    grunt_orc_community_town_hall, layout_caves,
          grunt_orc_community_big_house_1, grunt_orc_community_big_house_1,
          grunt_orc_community_house_2, grunt_orc_community_house_2,
          grunt_orc_community_house_3, grunt_orc_community_house_1,
          grunt_orc_community_house_1, serial_shops, shop, nicolae_orc_rockfall
Elf:1:    layout_geoelf_diagonals, kennysheep_underground_church
Elf:2:    layout_onion_city, basic_altar, serial_shops, shop, uniq_agnes
Elf:3:    minmay_elf_hall_statues, layout_geoelf_castle, serial_shops,
          nicolae_shop_crystal, uniq_bai_suzhen
Vaults:1: vaults_room_large_hall, v_rooms_5, v_misc_9, nicolae_vaults_meeting,
          v_misc_17, hangedman_vaults_trim, nicolae_vaults_network_square,
          hangedman_vaults_stream, nicolae_vaults_network_barrier,
          ontoclasm_vaults_tryst, grunt_vaults_diagonal, layout_vaults_maze,
          uniq_nikola, uniq_donald
Vaults:2: vaults_room_pools, hangedman_vaults_slice, hangedman_vaults_locks,
          vaults_mumra_minichess, v_alt_pattern_6,
          nicolae_vaults_ninety_degrees, v_misc_26,
          nicolae_vaults_little_squares_2, vaults_room_mumra_shop_pool,
          layout_vaults_omnigrid
Vaults:3: nicolae_vaults_little_ls, minmay_crypt_entry_necro_gods,
          ontoclasm_vaults_misaligned, v_misc_8, v_misc_8,
          ontoclasm_vaults_loading_screen, sword_in_stone,
          nicolae_vaults_mini_display_case, nicolae_vaults_what_the_h,
          layout_vaults_chaotic_city, serial_shops, shop, uniq_jory,
          uniq_mennas, uniq_asterion
Vaults:4: hangedman_vaults_hat, v_pattern_4, vaults_dpeg_encased_lava,
          hangedman_vaults_corner_blocks, vaults_mumra_lcd,
          ontoclasm_vaults_shuriken, nicolae_vaults_little_squares_3, v_misc_10,
          nicolae_vaults_hallways_thing, v_misc_18,
          nicolae_vaults_quartermaster, nicolae_vaults_three_branches,
          vaults_mumra_hexcomb, nicolae_vaults_little_squares_4,
          nicolae_vaults_rhombus_5, layout_vaults_ring, uniq_mara
Vaults:5: serial_shops
Crypt:1:  layout_basic, gammafunk_ghost_split, serial_sigils_hangedman_confine,
          ebering_dispersal_statue_hall, grunt_crypt_arrival_split
Crypt:2:  layout_chaotic_city, corexii_leaking_fountain, st_stairs_14,
          minmay_misc_feat_ornament, minmay_misc_feat_rows
Crypt:3:  lightli_unholy_cathedral, layout_chaotic_city,
          nicolae_tomb_entry_unfolded_pyramid_diagonal,
          nicolae_crypt_soggy_tomb, st_burial_chamber
Depths:1: layout_gridville, hangedman_abyss_or_decor_clamps,
          marbit_kobold_abyss_entry, special_room [special_room_morgue],
          grunt_metal_band, chequers_serial_rivers_room_b, evilmike_ambush
          [evilmike_ambush_outer_doors, evilmike_ambush_inner_basic]
Depths:2: kennysheep_cluttered_fort, layout_basic, hangedman_geh_valley,
          hangedman_abyss_entry_splay, minmay_staircase_windowed_large,
          roderic_lattice_octagonal_star, serial_bayou_shore_b
Depths:3: hangedman_cross_stitches, layout_cave_pools, enter_ziggurat_c,
          pan_entry, serial_sigils_hangedman_scratch, hell_entry,
          ashenzari_altar_1, infiniplex_staircase_river
Depths:4: minmay_connected_triangles_in_corner, layout_gridlike, hell_entry,
          abyss_entry, infiniplex_staircase_zigzag_1, grunt_megastairs_2,
          serial_bayou_shore_b
Depths:5: evilmike_zot_entry_round, layout_gridlike,
          hangedman_abyss_or_decor_stabs, hell_entry, gammafunk_ghost_mausoleum,
          serial_bayou_shore_b, serial_bayou_shore_b, grunt_megastairs_5
Hell
Dis:1:    layout_overlapping_boxes
Dis:2:    layout_subdivisions, door_vault
Dis:3:    layout_regular_city
Tar:1:    layout_honeycomb
Tar:2:    layout_catacombs
Tar:3:    layout_grid_maze, nicolae_tar_cuneiform_bird
Tar:4:    layout_catacombs
Zot:1:    layout_onion_interference
Zot:2:    layout_misc_corridors
Zot:3:    layout_gridlike
Zot:4:    layout_misc_corridors
Zot:5:    layout_gridlike, nicolae_lava_and_water, grunt_ministairs_13,
          st_stairs_3

Skill      XL: |  1  2  3  4  5  6  7  8  9 10 11 12 13 14 15 16 17 18 19 20 21 22 23 24 25 26 27 |
---------------+----------------------------------------------------------------------------------+-----
Fighting       | 4 5 7 10 11 13 14 15 17 20 26 | 26.0
Armour         | 4 5 7 10 13 15 18 20 26 | 26.6
Shields        | 4 5 6 7 9 10 12 14 15 16 17 18 19 21 22 25 26 | 26.0
Maces & Flails | 3 4 5 6 8 9 11 13 14 15 16 18 19 20 21 22 23 24 26 | 26.0
Invocations    | 1 4 7 8 10 11 13 14 15 | 15.0
Dodging        | 3 5 |  5.0
Evocations     | 5 |  5.1
Earth Magic    | 10 | 10.0
Necromancy     | 16 | 16.2
Spellcasting   | 7 |  7.5

Action                   |  1- 3 |  4- 6 |  7- 9 | 10-12 | 13-15 | 16-18 | 19-21 | 22-24 | 25-27 || total
-------------------------+-------+-------+-------+-------+-------+-------+-------+-------+-------++-------
Melee: Flail             |   104 |   234 |   311 |   916 |  1945 |   208 |       |       |       ||  3718
       Morningstar       |       |       |       |       |       |  1302 |  1611 |  1811 |  5748 || 10472
       Eveningstar       |       |       |       |       |       |     7 |       |       |       ||     7
Throw: Dart              |       |       |     3 |       |       |       |       |       |       ||     3
 Cast: Borgnjor's Vile C |       |       |       |       |       |       |       |       |     7 ||     7
       Death Channel     |       |       |       |       |       |       |       |       |     3 ||     3
Invok: Heroism           |       |       |       |    13 |     8 |     4 |     3 |     5 |    15 ||    48
       Finesse           |       |       |       |     3 |     6 |     4 |     2 |     5 |    15 ||    35
 Abil: Fly               |       |     1 |       |       |       |       |       |       |       ||     1
       Blink             |       |       |       |       |       |       |       |       |     4 ||     4
       Evoke Invisibilit |       |       |       |       |       |       |       |       |     1 ||     1
Evoke: Wand              |       |       |     5 |       |       |       |       |       |     6 ||    11
       Phantom mirror    |       |       |       |       |       |       |       |     2 |       ||     2
       Tin of tremorston |       |       |       |       |       |       |       |     1 |       ||     1
       Horn of Geryon    |       |       |       |       |       |       |       |       |     1 ||     1
  Use: Scroll            |     2 |       |     9 |     8 |    18 |    11 |     4 |    17 |    30 ||    99
       Potion            |       |     6 |     2 |     2 |     1 |     1 |     1 |     3 |    11 ||    27
 Stab: Confused          |       |       |       |     2 |       |       |       |       |     2 ||     4
       Invisible         |       |       |       |       |       |       |       |       |     9 ||     9
       Distracted        |       |       |       |       |       |       |       |       |     1 ||     1
  Eat: Chunk             |       |     4 |    10 |    23 |    30 |    18 |    20 |    29 |    33 ||   167
       Ration            |       |       |     1 |     1 |     2 |     4 |     2 |     2 |    23 ||    35
Armor: Scale mail        |    82 |   118 |       |       |       |       |       |       |       ||   200
       Chain mail        |       |       |    36 |       |       |       |       |       |       ||    36
       Plate armour      |       |       |   154 |   531 |  1073 |   852 |   699 |   740 |  1589 ||  5638
Dodge: Dodged            |    54 |    70 |    76 |   166 |   502 |   375 |   295 |   340 |   795 ||  2673
       Deflected         |       |       |     1 |       |       |       |       |       |       ||     1
Block: Kite shield       |    77 |   129 |   196 |   642 |  1381 |   926 |       |       |    94 ||  3445
       Tower shield      |       |       |       |       |       |   287 |  1627 |  1837 |  6693 || 10444
       Reflection        |       |       |       |       |       |       |       |       |     4 ||     4
       Rpst.: Morningstar |       |       |       |       |       |       |       |       |    89 ||    89

Table legend:
 A = Non-vault XP
 B = Vault XP
 C = Vault XP percentage of total XP
 D = Non-vault monster count
 E = Vault monster count
 F = Vault count percentage of total count
                 A         B        C        D         E       F
            +---------+---------+-------+---------+---------+-------
      Total | 1509347 |  777740 |  34.0 |    2549 |     955 |  27.3
            +---------+---------+-------+---------+---------+-------
        D:1 |      37 |       8 |  17.8 |      15 |       6 |  28.6
        D:2 |     176 |      36 |  17.0 |      27 |       1 |   3.6
        D:3 |     100 |     154 |  60.6 |      20 |       1 |   4.8
        D:4 |     460 |     295 |  39.1 |      16 |       4 |  20.0
        D:5 |     631 |       0 |   0.0 |      17 |       0 |   0.0
        D:6 |     177 |       0 |   0.0 |       7 |       0 |   0.0
        D:7 |    1049 |       0 |   0.0 |      23 |       0 |   0.0
        D:8 |    2582 |       0 |   0.0 |      20 |       0 |   0.0
        D:9 |    1533 |    3060 |  66.6 |      28 |      16 |  36.4
       D:10 |    5789 |    2467 |  29.9 |      34 |      34 |  50.0
       D:11 |    7801 |     410 |   5.0 |      30 |       1 |   3.2
       D:12 |    5530 |    3553 |  39.1 |      28 |      42 |  60.0
       D:13 |    5593 |    5035 |  47.4 |      26 |      11 |  29.7
       D:14 |   15525 |    2976 |  16.1 |      62 |       4 |   6.1
       D:15 |   13201 |   20497 |  60.8 |      32 |      21 |  39.6
     Lair:1 |    3768 |       0 |   0.0 |      15 |       0 |   0.0
     Lair:2 |    2686 |    1691 |  38.6 |      11 |      17 |  60.7
     Lair:3 |    4437 |    1562 |  26.0 |      19 |      15 |  44.1
     Lair:4 |    3213 |       0 |   0.0 |      13 |       0 |   0.0
     Lair:5 |    6868 |    3103 |  31.1 |      20 |       6 |  23.1
     Lair:6 |   32816 |   12677 |  27.9 |      65 |      14 |  17.7
   Shoals:1 |   11907 |       0 |   0.0 |      26 |       0 |   0.0
   Shoals:2 |   18477 |    4056 |  18.0 |      32 |      11 |  25.6
   Shoals:3 |   14108 |   12920 |  47.8 |      28 |      12 |  30.0
   Shoals:4 |   21974 |   21963 |  50.0 |      45 |      35 |  43.8
    Snake:1 |   24451 |    2800 |  10.3 |      48 |       4 |   7.7
    Snake:2 |   12950 |    1610 |  11.1 |      22 |       1 |   4.3
    Snake:3 |   24345 |       0 |   0.0 |      48 |       0 |   0.0
    Snake:4 |   23741 |   60560 |  71.8 |      38 |      73 |  65.8
    Slime:1 |    3274 |       0 |   0.0 |      11 |       0 |   0.0
    Slime:2 |    9131 |       0 |   0.0 |      23 |       0 |   0.0
    Slime:3 |   21825 |       0 |   0.0 |      34 |       0 |   0.0
    Slime:4 |   21268 |    8913 |  29.5 |      33 |       5 |  13.2
    Slime:5 |   13915 |   20982 |  60.1 |      17 |       6 |  26.1
      Orc:1 |    5186 |       0 |   0.0 |      36 |       0 |   0.0
      Orc:2 |    5175 |   10918 |  67.8 |      32 |      64 |  66.7
      Elf:1 |    6611 |    3952 |  37.4 |      12 |       6 |  33.3
      Elf:2 |   14208 |   26348 |  65.0 |      25 |      31 |  55.4
      Elf:3 |   23698 |   41898 |  63.9 |      35 |      25 |  41.7
   Vaults:1 |   39674 |   34516 |  46.5 |      72 |      40 |  35.7
   Vaults:2 |   49818 |   21016 |  29.7 |      80 |      33 |  29.2
   Vaults:3 |   50351 |   31330 |  38.4 |      78 |      21 |  21.2
   Vaults:4 |   30587 |   34862 |  53.3 |      45 |      46 |  50.5
   Vaults:5 |   28036 |  133607 |  82.7 |      47 |      94 |  66.7
    Crypt:1 |   17191 |       0 |   0.0 |      25 |       0 |   0.0
    Crypt:2 |   29822 |    1326 |   4.3 |      43 |       1 |   2.3
    Crypt:3 |   16760 |   65809 |  79.7 |      22 |      72 |  76.6
   Depths:1 |   19242 |   46186 |  70.6 |      22 |      39 |  63.9
   Depths:2 |   29786 |    2603 |   8.0 |      41 |       4 |   8.9
   Depths:3 |   42832 |   13340 |  23.7 |      48 |      12 |  20.0
   Depths:4 |   45099 |   20117 |  30.8 |      50 |      10 |  16.7
   Depths:5 |   50283 |   33095 |  39.7 |      35 |      22 |  38.6
       Hell |   35985 |   28028 |  43.8 |      47 |      41 |  46.6
      Dis:1 |   46580 |       0 |   0.0 |     100 |       0 |   0.0
      Dis:2 |   40338 |   11101 |  21.6 |      81 |       9 |  10.0
      Tar:1 |   36675 |       0 |   0.0 |      72 |       0 |   0.0
      Tar:2 |  126173 |       0 |   0.0 |     145 |       0 |   0.0
      Tar:3 |   92805 |       0 |   0.0 |     138 |       0 |   0.0
      Tar:4 |   50827 |       0 |   0.0 |      74 |       0 |   0.0
      Zot:1 |   71287 |       0 |   0.0 |      38 |       0 |   0.0
      Zot:2 |   35367 |       0 |   0.0 |      27 |       0 |   0.0
      Zot:3 |   24276 |       0 |   0.0 |      18 |       0 |   0.0
      Zot:4 |   38387 |       0 |   0.0 |      32 |       0 |   0.0
      Zot:5 |    4793 |    9859 |  67.3 |       2 |       2 |  50.0
    Abyss:1 |   40912 |       0 |   0.0 |      62 |       0 |   0.0
    Abyss:4 |    3135 |   15298 |  83.0 |       9 |      13 |  59.1
    Abyss:5 |   22110 |       0 |   0.0 |      23 |       0 |   0.0
     Bailey |       0 |    1203 | 100.0 |       0 |      30 | 100.0
            +---------+---------+-------+---------+---------+-------
